 Dungeon Crawl Stone Soup version 0.31-a0-971-g75a2e9a4b4 (webtiles) character file.

Game seed: 2951086108569518770

123 mattiecakes the Magician (level 5, -1/40 HPs)
             Began as a Djinni Fire Elementalist on Oct 29, 2023.
             Slain by an orc wizard
             ... wielding a +0 dagger
              (3 damage)
             ... on level 3 of the Dungeon.
             The game lasted 00:09:09 (1819 turns).

mattiecakes the Magician (Djinni Fire Elementalist) Turns: 1819, Time: 00:09:09

Health: -1/40      AC:  2    Str:  7    XL:     5   Next: 28%
Gold:   14         EV: 13    Int: 18    God:
                   SH:  0    Dex: 14

rFire   + + .        g - +0 spear
rCold   x . .        (no shield)
rNeg    . . .        a - +0 robe
rPois   ∞            (no helmet)
rElec   .            (no cloak)
rCorr   .            (no gloves)
SInv    .            (boots unavailable)
Will    .....        (no amulet)
Stlth   ++           (no ring)
HPRegen 0.26/turn    (no ring)
MPRegen 0.00/turn

%: infuse magic (-2 HP)
@: flying
A: sickness immunity, fire resistance 2, cold vulnerability 1, float, innate
caster, HP casting, extra vitality 1
a: no special abilities


You were on level 3 of the Dungeon.
You visited 1 branch of the dungeon, and saw 3 of its levels.

You collected 14 gold pieces.

Inventory:

Hand Weapons
 g - a +0 spear (weapon)
Armour
 a - a +0 robe (worn)
Scrolls
 b - 2 scrolls of teleportation {unknown}
 f - a scroll of silence {unknown}
 k - a scroll of identify {unknown}
Potions
 i - 2 potions of brilliance {unknown}
 j - a potion of mutation {unknown}
 l - a potion of enlightenment {unknown}


   Skills:
 + Level 2.9 Fighting
 - Level 3.1 Dodging
 - Level 2.4 Stealth
 - Level 3.2 Spellcasting
 - Level 3.2 Conjurations
 - Level 3.2 Hexes
 - Level 3.2 Summonings
 - Level 3.2 Necromancy
 - Level 3.2 Translocations
 - Level 3.2 Transmutations
 - Level 3.2 Fire Magic
 - Level 3.2 Ice Magic
 - Level 3.2 Air Magic
 - Level 3.2 Earth Magic
 - Level 3.2 Poison Magic


You knew the following spells:

 Your Spells              Type           Power      Damage    Failure   Level
a - Foxfire               Conj/Fire      56%        2x1d6     4%          1
b - Scorch                Fire           28%        2d6       6%          2
c - Volatile Blastmotes   Fire/Tloc      28%        2d12      13%         3
d - Inner Flame           Hex/Fire       14%        N/A       13%         3
e - Flame Wave            Conj/Fire      14%        2d6       38%         4
f - Kiss of Death         Conj/Necr      56%        2d9       4%          1
g - Lesser Beckoning      Tloc           28%        N/A       6%          2
Your spell library was empty.

Dungeon Overview and Level Annotations

Branches:
Dungeon (3/15)

Altars:
Okawaru


Innate Abilities, Weirdness & Mutations

You are immune to sickness and miasma.
You are immune to poison.
Your flesh is very heat resistant. (rF++)
You are vulnerable to cold. (rC-)
You float through the air rather than walking.
You learn spells naturally, not from books.
Your magical power is your life essence.
You have superior vitality. (+4 MHP)


Message History

Deactivating autopickup; reactivate with Ctrl-A.
You miss something. Something hits you.
* * * LOW HITPOINT WARNING * * *
Something hits you.
* * * LOW HITPOINT WARNING * * *
You hit something but do no damage.
You flicker back into view.
Something hits you.
* * * LOW HITPOINT WARNING * * *
You barely miss something. Something hits you.
* * * LOW HITPOINT WARNING * * *
Unknown command.
You feel better. Something hits you.
* * * LOW HITPOINT WARNING * * *
You miss something. Something hits you.
* * * LOW HITPOINT WARNING * * *
You feel better. Something hits you.
You miss something. Something hits you but does no damage.
You miss something. Something hits you.
* * * LOW HITPOINT WARNING * * *
You miss something. Something hits you.
* * * LOW HITPOINT WARNING * * *
You feel less attractive to monsters.
Casting: Flame Wave (extremely dangerous; 38% risk of failure)
Confirm with . or Enter, or press ? or * to list all spells.
You don't know that spell.
Casting: Flame Wave (extremely dangerous; 38% risk of failure)
Confirm with . or Enter, or press ? or * to list all spells.
You conjure some foxfire!
* * * LOW HITPOINT WARNING * * *
Something hits you but does no damage.
Your foxfire dissipates!
The foxfire hits something.
Something hits you.
* * * LOW HITPOINT WARNING * * *
Casting: Foxfire (safe; 4% risk of failure)
Confirm with . or Enter, or press ? or * to list all spells.
You conjure some foxfire!
* * * LOW HITPOINT WARNING * * *
Something hits you.
You die...

.....♣.♣.♣......#...
##....♣.♣....####.#######
...#...♣..†#............
##...........###......#
###.###..##.## #......#
....# ##.##.# #......#
########..#.## #))....###
#...........####........
#.#######...#.v@v..#####
#.#...###.(.#.####.#
##.....'.....# .#
.......#####.# .#
###....# .. # #....# #.
#....# #.#### #†#


There were no monsters in sight!

Vanquished Creatures
  An orc wizard (D:3)
  4 gnolls (D:2)
  2 adders
  2 worms
  2 dart slugs
  An orc (D:3)
  A bat (D:3)
  An endoplasm (D:2)
  3 giant cockroaches
  3 hobgoblins (D:1)
  5 kobolds
  2 quokkas
  4 frilled lizards
  A goblin (D:1)
  3 rats
35 creatures vanquished.

Vanquished Creatures (others)
  39 foxfires
39 creatures vanquished.

Grand Total: 74 creatures vanquished

Notes
Turn   | Place    | Note
-------+----------+-------------------------------------------
     0 | D:1      | mattiecakes the Djinni Fire Elementalist began the quest
                  | for the Orb.
     0 | D:1      | mattiecakes set off with the following spells memorised:
                  | Foxfire, Scorch, Volatile Blastmotes, Inner Flame, Flame
                  | Wave.
     0 | D:1      | Reached XP level 1. HP: 15/15 MP: 0/0
    61 | D:1      | Reached XP level 2. HP: 10/21 MP: 0/0
   274 | D:1      | You are sucked into a shaft and drop 1 floor!
   400 | D:2      | Reached XP level 3. HP: 19/25 MP: 0/0
   400 | D:2      | Learned a level 1 spell: Kiss of Death
   692 | D:2      | Reached XP level 4. HP: 16/31 MP: 0/0
   820 | D:2      | Reached skill level 1 in Fighting
  1024 | D:2      | Found a faded altar of an unknown god.
  1443 | D:3      | Found an iron altar of Okawaru.
  1760 | D:3      | Reached XP level 5. HP: 35/38 MP: 0/0
  1760 | D:3      | Learned a level 2 spell: Lesser Beckoning
  1817 | D:3      | HP: 2/40 [something (4)]
  1819 | D:3      | Slain by an orc wizard

Illustrated notes

Levels and vault maps discovered:
D:1:      erik_arrival_cave_to_civilisation [erik_arrival_cave_to_hall],
          layout_basic, minmay_vboxes
D:2:      layout_basic, chequers_ecumenical_altar_grove
D:3:      layout_basic, general_overflow_altar, okawaru_trees_2

Skill      XL: |  1  2  3  4 |
---------------+-------------+-----
Spellcasting   | |  3.2
Conjurations   | |  3.2
Hexes          | |  3.2
Summonings     | |  3.2
Necromancy     | |  3.2
Translocations | |  3.2
Transmutations | |  3.2
Fire Magic     | |  3.2
Ice Magic      | |  3.2
Air Magic      | |  3.2
Earth Magic    | |  3.2
Poison Magic   | |  3.2
Stealth        | 2 |  2.4
Dodging        | 3 |  3.1
Fighting       | 2 |  2.9

Action                     |  1- 3 |  4- 6 || total
---------------------------+-------+-------++-------
  Melee: Unarmed           |    23 |    12 ||    35
         Spear             |       |   110 ||   110
   Cast: Foxfire           |    23 |     3 ||    26
         Scorch            |     5 |     5 ||    10
         Flame Wave        |       |     1 ||     1
         Volatile Blastmot |       |     1 ||     1
    Use: Potion            |       |     6 ||     6
   Stab: Sleeping          |     2 |     3 ||     5
 Armour: Robe              |    23 |    59 ||    82
         Skin              |       |    10 ||    10
  Dodge: Dodged            |    18 |    61 ||    79

Table legend: (Time is in decaauts)
 A = Elapsed time spent in this place.
 B = Non-inter-level travel time spent in this place.
 C = Inter-level travel time spent in this place.
 D = Time resting spent in this place.
 E = Time spent auto-exploring this place.
 F = Levels seen in this place.
 G = Mean time per level.
                   A        B        C        D        E       F      G
               +--------+--------+--------+--------+--------+-----+--------+
         Total |   1830 |   1808 |     22 |    412 |    941 |   3 |  610.0 |
       Dungeon |   1830 |   1808 |     22 |    412 |    941 |   3 |  610.0 |
               +--------+--------+--------+--------+--------+-----+--------+

Top non-repeatable levels by time:
     D:2: 1057 daAuts
     D:3: 498 daAuts
     D:1: 274 daAuts
